 Dungeon Crawl Stone Soup version 0.29-a0-838-g385bb11a5b (webtiles) character file.

Game seed: 11915026609331964666

4546 IdlyInterested the Protected (level 10, 0/71 HPs)
             Began as a Demonspawn Gladiator on July 13, 2022.
             Slain by a wyvern (6 damage)
             ... on level 8 of the Dungeon.
             The game lasted 00:27:07 (9283 turns).

IdlyInterested the Protected (Demonspawn Gladiator) Turns: 9283, Time: 00:27:07

Health: 0/71       AC: 10    Str: 19    XL:     10   Next: 17%
Magic:  10/10      EV: 25    Int:  9    God:
Gold:   72         SH:  0    Dex: 15    Spells: 9/9 levels left

rFire   + + .      SeeInvis .     - Unarmed
rCold   + + .      Faith    .   (shield currently unavailable)
rNeg    + + +      Spirit   .   (body armour currently unavailable)
rPois   ∞          Reflect  .   (helmet currently unavailable)
rElec   +          Harm     .   (cloak currently unavailable)
rCorr   +          Rampage  .   (gloves currently unavailable)
Will    .....                   (boots currently unavailable)
Stlth   ++........              (amulet currently unavailable)
HPRegen 0.21/turn               (ring currently unavailable)
MPRegen 0.12/turn               (ring currently unavailable)

@: agile, wisp-form, flying
A: insubstantial, flying, no casting, tiny, (large bone plates 1), powered by
pain 1, (spiny 1), (demonic touch 2)
a: no special abilities


You were on level 8 of the Dungeon.
You were an insubstantial wisp.
You visited 2 branches of the dungeon, and saw 9 of its levels.

You collected 410 gold pieces.
You spent 338 gold pieces at shops.

Inventory:

Hand Weapons
 t - the +3 hammer of Igodwowe (melded) {freeze, rElec Dex+4}
   (You found it on level 2 of the Dungeon)

   It freezes those it strikes, dealing additional cold damage.
   It can also slow down cold-blooded creatures.
   Dex:       It affects your dexterity (+4).
   rElec:     It insulates you from electricity.
 B - a +2 whip of flaming
 L - a +2 flail of protection
 N - a +1 morningstar
Missiles
 d - a throwing net
 e - 5 javelins
 j - 3 boomerangs of dispersal (quivered)
Armour
 a - the +1 cloak of Uheipt (melded) {rPois Str+3}
   (You acquired it on level 8 of the Dungeon)

   Str:       It affects your strength (+3).
   rPois:     It protects you from poison.
 c - a +1 helmet (melded)
 w - a +0 plate armour (melded)
 J - an orb of guile
 K - +0 steam dragon scales
Magical Staves
 A - a staff of poison
Jewellery
 g - a ring of positive energy (melded)
 x - an amulet of regeneration (melded)
 H - a ring of wizardry (melded)
Wands
 f - a wand of quicksilver (8)
 y - a wand of roots (6)
 C - a wand of flame (18)
 F - a wand of paralysis (6)
Scrolls
 h - 5 scrolls of teleportation
 v - a scroll of blinking
 z - a scroll of vulnerability
 E - a scroll of fog
 G - a scroll of enchant weapon
Potions
 b - a potion of curing
 i - 2 potions of resistance {unknown}
 k - 3 potions of attraction
 l - a potion of magic
 m - 3 potions of berserk rage {unknown}
 n - 4 potions of flight {unknown}
 o - 2 potions of heal wounds {unknown}
 p - a potion of lignification
 q - 2 potions of mutation {unknown}
 r - a potion of cancellation
 u - 2 potions of might {unknown}
 I - a potion of haste


   Skills:
 - Level 4.0 Fighting
 + Level 7.3 Maces & Flails
 - Level 2.0 Throwing
 * Level 9.6 Armour
 - Level 4.0 Dodging
 - Level 2.0 Stealth
 * Level 3.7 Unarmed Combat
 + Level 2.7 Evocations


You had 9 spell levels left.
You didn't know any spells.
Your spell library contained the following spells:

 Spells                   Type           Power      Damage    Failure   Level
 Slow                     Hex            0%         N/A       38%         1
 Confusing Touch          Hex            0%         N/A       77%         3
 Gell's Gravitas          Tloc           0%         N/A       77%         3
 Teleport Other           Tloc           0%         N/A       77%         3
 Vampiric Draining        Necr           0%         2d6       77%         3
 Dispersal                Tloc           0%         N/A       100%        6


Dungeon Overview and Level Annotations

Branches:
Dungeon (8/15)             Temple (1/1) D:5            Lair (0/6) D:8

Altars:
Ashenzari
Cheibriados
Dithmenos
Fedhas
Gozag
Hepliaklqana
Kikubaaqudgha
Makhleb
Nemelex Xobeh
Okawaru
Qazlal
Ru
Sif Muna
Trog
Uskayaw
Vehumet
Wu Jian
Xom
Yredelemnul

Shops:
D:1 (   D:2 *[[(   D:4 ?*


Innate Abilities, Weirdness & Mutations

You are an insubstantial wisp.
Your tiny insubstantial body is highly resistant to most damage types.
You are flying.
Your equipment is entirely melded.
You are incapable of wielding weapons or throwing items.
You cannot cast spells.
((You are partially covered in large bone plates. (SH +4)))
You sometimes gain a little power by taking damage.
((You are partially covered in sharp spines.))
((Your touch may inflict irresistible damage on your foes.))


Message History

* * * LOW HITPOINT WARNING * * *
You touch something.
The wyvern completely misses you.
You hear some strange, mumbled words.
You barely miss something. The wyvern misses you. Something hits you.
* * * LOW HITPOINT WARNING * * *
You touch something.
The wyvern bites you.
* * * LOW HITPOINT WARNING * * *
Something hits you but does no damage. The wyvern misses you.
Aiming: Quicksilver Bolt
Press: ? - help, Shift-Dir - straight line The bolt of dispelling energy hits something!!
Reactivating autopickup.
You feel a bit more experienced. The wyvern misses you.
Really quaff the potion of lignification?
You are stuck in your current form!
You touch the wyvern but do no damage.
The wyvern is moderately wounded.
The wyvern bites you.
* * * LOW HITPOINT WARNING * * *
You barely miss the wyvern.
The wyvern is moderately wounded.
The wyvern misses you.
Blink to where?
Press: ? - help, Dir - move target
As you read the scroll of blinking, it crumbles to dust.
The wyvern attacks as you move away! The wyvern bites you.
* * * LOW HITPOINT WARNING * * *
The wyvern attacks as you move away! The wyvern misses you.
The wyvern closely misses you. The wyvern attacks as you move away!
The wyvern misses you. The wyvern attacks as you move away!
The wyvern misses you. The wyvern bites you.
* * * LOW HITPOINT WARNING * * *
You touch the wyvern.
The wyvern is moderately wounded.
The wyvern misses you.
You touch the wyvern but do no damage.
The wyvern is moderately wounded.
The wyvern bites you.
You die...

##########.......#.#
##########.........###
........##.....#.....#
........######.#.....###
...............#.#.....#
...............#.#...#.#
...............#.....#.#
#####..........#######.#
# ######.....lv......# #
#.....######### ########
#.<...# .......# #.....#
.......# #.....#
.......# #.....#
.......# #...###
.≈.....# #...# †≈.≈≈..#
#...#


You could see a wyvern.

Vanquished Creatures
  Pikel (D:5)
  An elephant (D:8)
  Psyche (D:8)
  Grinder (D:4)
  Sigmund (D:5)
  2 basilisks (D:8)
  Eustachio (D:5)
  4 steam dragons
  3 water moccasins
  2 orc warriors (D:7)
  2 sky beasts (D:7)
  2 ice beasts (D:5)
  An ogre (D:5)
  4 centaurs
  3 scorpions
  3 bullfrogs
  2 necrophages (D:6)
  2 jellies
  A howler monkey (D:3)
  An electric eel (D:8)
  6 orc priests
  2 hounds (D:5)
  Crazy Yiuf (D:2)
  A gnoll bouda (D:7)
  2 orc wizards (D:7)
  4 gnolls (D:7)
  7 adders
  A shadow imp (D:6)
  2 white imps (D:6)
  A worm (D:3)
  3 dart slugs
  17 orcs
  4 ball pythons
  3 bats
  5 endoplasms
  3 giant cockroaches
  6 goblins
  5 hobgoblins
  3 jackals (D:5)
  6 kobolds
  3 quokkas
  5 frilled lizards
  3 rats (D:1)
131 creatures vanquished.

Vanquished Creatures (others)
  A plant (D:8)
1 creature vanquished.

Grand Total: 132 creatures vanquished

Notes
Turn   | Place    | Note
-------+----------+-------------------------------------------
     0 | D:1      | IdlyInterested the Demonspawn Gladiator began the quest for
                  | the Orb.
     0 | D:1      | Reached XP level 1. HP: 16/16 MP: 1/1
   100 | D:1      | Found Kuthrocw's Weapon Shoppe.
   136 | D:1      | Reached skill level 1 in Armour
   136 | D:1      | Gained mutation: You are partially covered in sharp spines.
                  | [demonic ancestry]
   136 | D:1      | Reached XP level 2. HP: 12/22 MP: 2/2
   900 | D:1      | Found a faded altar of an unknown god.
   942 | D:1      | Reached XP level 3. HP: 19/27 MP: 3/3
  1192 | D:2      | Found Cazuz's Assorted Antiques.
  1364 | D:2      | Reached skill level 2 in Armour
  1395 | D:2      | Found Vakk's Antique Armour Shoppe.
  1468 | D:2      | Found a shimmering altar of Xom.
  1496 | D:2      | Found Nytituy's Antique Weapon Shop.
  1603 | D:2      | Found Nyigelah's Armour Shoppe.
  2022 | D:2      | Found a runed translucent door.
  2023 | D:2      | Noticed Crazy Yiuf
  2031 | D:2      | Killed Crazy Yiuf
  2032 | D:2      | Reached XP level 4. HP: 33/33 MP: 4/4
  2039 | D:2      | Identified the +3 hammer of Igodwowe {freeze, rElec Dex+4}
  2110 | D:2      | Bought a fuming green potion for 23 gold pieces
  2110 | D:2      | Bought a scroll labelled TOD EMAOPARORE for 26 gold pieces
  2110 | D:2      | Bought a scroll labelled HEGHOR VAGUN for 26 gold pieces
  2372 | D:3      | Found a burning altar of Makhleb.
  2458 | D:3      | Reached skill level 3 in Armour
  2556 | D:3      | Gained mutation: Your touch may inflict minor irresistible
                  | damage on your foes. [demonic ancestry]
  2556 | D:3      | Reached XP level 5. HP: 36/38 MP: 5/5
  3105 | D:2      | Bought a coppery potion for 23 gold pieces
  3264 | D:4      | You fall into a shaft and drop 3 floors!
  3296 | D:6      | Reached skill level 4 in Armour
  3296 | D:6      | Gained mutation: Your touch may inflict irresistible damage
                  | on your foes. [demonic ancestry]
  3296 | D:6      | Reached XP level 6. HP: 14/44 MP: 6/6
  3371 | D:6      | Reached skill level 1 in Unarmed Combat
  3763 | D:5      | Entered Level 5 of the Dungeon
  3768 | D:5      | Found a staircase to the Ecumenical Temple.
  3780 | Temple   | Entered the Ecumenical Temple
  4231 | D:5      | Noticed an ice beast
  4236 | D:5      | Killed an ice beast
  4345 | D:5      | Noticed an ice beast
  4359 | D:5      | Killed an ice beast
  4360 | D:5      | Reached XP level 7. HP: 29/50 MP: 7/7
  4527 | D:5      | Reached skill level 5 in Armour
  5146 | D:4      | Noticed Grinder
  5156 | D:4      | Killed Grinder
  5157 | D:4      | Reached skill level 5 in Maces & Flails
  5157 | D:4      | Reached skill level 6 in Armour
  5157 | D:4      | Reached XP level 8. HP: 50/58 MP: 8/8
  5278 | D:4      | Found Cocwuhef's Overcharged Wands.
  5402 | D:2      | Bought a forked bone wand for 104 gold pieces
  5993 | D:4      | Found Rouda's Magic Scroll Boutique.
  6501 | D:5      | Noticed Pikel
  6511 | D:5      | Killed Pikel
  6516 | D:5      | Noticed Eustachio
  6524 | D:5      | Killed Eustachio
  6525 | D:5      | Reached skill level 7 in Armour
  6525 | D:5      | Reached skill level 1 in Evocations
  6677 | D:5      | Noticed Sigmund
  6684 | D:5      | Killed Sigmund
  6823 | D:6      | Gained mutation: You sometimes gain a little power by
                  | taking damage. [demonic ancestry]
  6823 | D:6      | Reached XP level 9. HP: 59/63 MP: 9/9
  7257 | D:6      | Found a stormy altar of Qazlal.
  7257 | D:6      | Found a shimmering altar of Xom.
  7340 | D:7      | Reached skill level 8 in Armour
  7366 | D:7      | HP: 3/64 [orc warrior/+0 dire flail (11)]
  8520 | D:1      | Bought a +0 morningstar for 52 gold pieces
  8690 | D:4      | Bought a scroll of identify for 28 gold pieces
  8690 | D:4      | Bought a scroll of identify for 28 gold pieces
  8690 | D:4      | Bought a scroll of identify for 28 gold pieces
  8838 | D:8      | Identified a scroll of acquirement
  8838 | D:8      | Acquired the +1 cloak of Uheipt {rPois Str+3}
  8958 | D:8      | Reached skill level 9 in Armour
  9105 | D:8      | Gained mutation: You are partially covered in large bone
                  | plates. (SH +4) [demonic ancestry]
  9105 | D:8      | Reached XP level 10. HP: 68/71 MP: 10/10
  9217 | D:8      | Found a staircase to the Lair.
  9217 | D:8      | Noticed an elephant
  9222 | D:8      | Noticed Psyche
  9233 | D:8      | Killed an elephant
  9246 | D:8      | HP: 2/71 [wyvern (15)]
  9264 | D:8      | Killed Psyche
  9283 | D:8      | Slain by a wyvern

Illustrated notes

Levels and vault maps discovered:
D:1:      tarquinn_simple_flora_water_c, layout_loops_ring,
          chequers_ecumenical_altar_lobes, serial_shops, nicolae_square_shop
D:2:      layout_loops_corners, serial_shops, shop_fountains, shop,
          nicolae_shop_temple_entry_statues_fountains, nicolae_shop_waterfront,
          basic_altar, uniq_crazy_yiuf_cottage
D:3:      layout_loops_corners, bloody_makhleb, minivault_26
D:4:      layout_layer_cave, serial_shops, nicolae_take_the_stairs,
          nicolae_shop_overcharged_wands, uniq_grinder
D:5:      layout_basic, minmay_temple_entry_glassed_door, uniq_sigmund,
          uniq_eustachio, uniq_pikel
D:6:      layout_gridville, gammafunk_temple_overflow_claw
D:7:      layout_loops_corners
D:8:      layout_basic, david_lair_generic, uniq_psyche, uniq_maggie
Temple:   mainiacjoe_temple_coin_purse

Skill      XL: |  1  2  3  4  5  6  7  8  9 |
---------------+----------------------------+-----
Throwing       | 2 |  2.0
Armour         | 1 2 3 4 6 7 9 |  9.6
Maces & Flails | 3 4 5 6 7 |  7.3
Dodging        | 3 4 |  4.0
Unarmed Combat | 2 3 |  3.7
Fighting       | 3 4 |  4.0
Stealth        | 2 |  2.0
Evocations     | 2 |  2.7

Action                   |  1- 3 |  4- 6 |  7- 9 | 10-12 || total
-------------------------+-------+-------+-------+-------++-------
Melee: Flail             |    72 |       |       |       ||    72
       Punch             |     1 |     1 |     7 |       ||     9
       Mace              |       |    70 |   170 |     9 ||   249
       Touch             |       |     8 |    18 |     3 ||    29
       Unarmed           |       |       |       |    25 ||    25
Throw: Throwing net      |     1 |       |     1 |       ||     2
       Javelin           |       |       |       |     1 ||     1
Evoke: Wand              |       |       |       |     2 ||     2
  Use: Scroll            |       |     7 |    10 |     2 ||    19
       Potion            |       |       |     1 |     2 ||     3
 Stab: Held in net/web   |     1 |       |       |       ||     1
       Sleeping          |       |       |     1 |       ||     1
Armor: Leather armour    |    20 |       |       |       ||    20
       Ring mail         |     3 |     1 |       |       ||     4
       Scale mail        |       |    26 |    44 |       ||    70
       Plate armour      |       |       |    54 |    12 ||    66
       Steam dragon scal |       |       |     2 |       ||     2
       Skin              |       |       |       |    11 ||    11
Dodge: Dodged            |    42 |    35 |    75 |    55 ||   207
Block: Other             |       |       |       |     1 ||     1

Table legend: (Time is in decaauts)
 A = Elapsed time spent in this place.
 B = Non-inter-level travel time spent in this place.
 C = Inter-level travel time spent in this place.
 D = Time resting spent in this place.
 E = Time spent auto-exploring this place.
 F = Levels seen in this place.
 G = Mean time per level.
                   A        B        C        D        E       F      G
               +--------+--------+--------+--------+--------+-----+--------+
         Total |   9342 |   8123 |   1219 |   1448 |   5130 |   9 | 1038.0 |
       Dungeon |   9208 |   8024 |   1184 |   1448 |   5046 |   8 | 1151.0 |
        Temple |    133 |     98 |     35 |      0 |     84 |   1 |  133.0 |
               +--------+--------+--------+--------+--------+-----+--------+

Top non-repeatable levels by time:
     D:5: 1674 daAuts
     D:2: 1333 daAuts
     D:4: 1279 daAuts
     D:1: 1211 daAuts
     D:3: 1110 daAuts
     D:7: 1091 daAuts
     D:6: 1063 daAuts
     D:8: 445 daAuts
  Temple: 133 daAuts
